 Dungeon Crawl Stone Soup version 0.29-a0-973-gac7da5f7f0 (webtiles) character file.

Game seed: 7973399848293029806

59 purpskrrrp the Insei (level 4, -15/28 HPs)
             Began as an Octopode Transmuter on July 31, 2022.
             Demolished by Menkaure (22 damage)
             ... on level 4 of the Dungeon.
             The game lasted 00:04:10 (1504 turns).

purpskrrrp the Insei (Octopode Transmuter)          Turns: 1504, Time: 00:04:11

Health: -15/28     AC:  1    Str:  9    XL:     4   Next: 3%
Magic:  5/7        EV: 13    Int: 15    God:
Gold:   86         SH:  0    Dex: 14    Spells: 6/7 levels left

rFire   . . .      SeeInvis .     - Unarmed
rCold   . . .      Faith    .   (no shield)
rNeg    + . .      Spirit   .   (helmet currently unavailable)
rPois   .          Reflect  .   (no amulet)
rElec   .          Harm     .   d - ring of positive energy
rCorr   .          Rampage  .   (no ring)
Will    .....                   (no ring)
Stlth   +++.......              (no ring)
HPRegen 0.09/turn               (no ring)
MPRegen 0.10/turn               (no ring)
                                (no ring)
                                (no ring)

@: appendages
A: tentacle spike 3, almost no armour, amphibious, 8 rings, camouflage 1,
gelatinous body 1, (nimble swimmer 1), tentacles
a: End Transformation


You were on level 4 of the Dungeon.
One of your tentacles had grown a beastly spike.
You visited 1 branch of the dungeon, and saw 3 of its levels.

You collected 86 gold pieces.

Inventory:

Jewellery
 d - a ring of positive energy (left tentacle)
Scrolls
 f - 2 scrolls of identify {unknown}
Potions
 a - 2 potions of lignification
 b - a potion of flight {unknown}
 c - a potion of resistance {unknown}
 e - 2 potions of attraction {unknown}
 g - a potion of degeneration {unknown}


   Skills:
 + Level 1.0 Fighting
 + Level 2.2 Dodging
 * Level 2.2 Stealth
 * Level 4.0 Unarmed Combat
 + Level 2.2 Spellcasting
 + Level 2.0 Transmutations


You had 6 spell levels left.
You knew the following spells:

 Your Spells              Type           Power      Damage    Failure   Level
a - Beastly Appendage     Tmut           14%        N/A       10%         1

Your spell library contained the following spells:

 Spells                   Type           Power      Damage    Failure   Level
 Wereblood                Tmut           7%         N/A       14%         2
 Spider Form              Tmut/Pois      4%         N/A       38%         3
 Portal Projectile        Hex/Tloc       2%         N/A       54%         3
 Tukima's Dance           Hex            1%         N/A       54%         3
 Ice Form                 Ice/Tmut       4%         N/A       80%         4
 Blade Hands              Tmut           3%         N/A       95%         5


Dungeon Overview and Level Annotations

Branches:
Dungeon (2/15)

Altars:

Annotations:
D:4 Menkaure


Innate Abilities, Weirdness & Mutations

One of your tentacles has grown a beastly spike.
You cannot wear most types of armour.
You are amphibious.
You can wear up to eight rings at the same time.
Your skin changes colour to match your surroundings (Stealth+).
Your rubbery body absorbs attacks. (AC +1, EV +1)
((You are camouflaged when in or above water. (Stealth+)))
You have tentacles for arms and can constrict up to eight enemies at once.


Message History

You constrict the hound.
You kill the hound!
The adder bites you.
Your Stealth skill increases to level 2!
Your Unarmed Combat skill increases to level 4!
Okay, then.
Casting: Beastly Appendage (safe; 10% risk of failure)
Confirm with . or Enter, or press ? or * to list all spells.
One of your tentacles grows a vicious spike.
The adder closely misses you.
You closely miss the adder. Your grab misses the adder.
The adder barely misses you. The adder bites you.
Menkaure calls on the powers of darkness!
The adder convulses! x2; Your body is wracked with pain!
* * * LOW HITPOINT WARNING * * *
The adder closely misses you.
You tentacle-slap the adder. Your grab misses the adder.
You pierce the adder.
You kill the adder!
The adder barely misses you. Menkaure closely misses you.
You have reached level 4!
You tentacle-slap Menkaure. You grab Menkaure.
You pierce Menkaure.
Menkaure is lightly damaged.
You constrict Menkaure. The adder barely misses you.
Menkaure closely misses you.
You tentacle-slap Menkaure but do no damage.
You pierce Menkaure, but do no damage.
Menkaure is lightly damaged.
You constrict Menkaure. The adder barely misses you.
Menkaure barely misses you.
You tentacle-slap Menkaure.
You pierce Menkaure.
You squeeze Menkaure!
Menkaure is severely damaged.
You constrict Menkaure. The adder bites you but does no damage.
Menkaure hits you.
* * * LOW HITPOINT WARNING * * *
You tentacle-slap Menkaure but do no damage.
You pierce Menkaure.
Menkaure is almost destroyed.
You constrict Menkaure. The adder barely misses you. Menkaure hits you!!
Ouch! That really hurt!
You die...

............
.........#.............
.......######.........#
.........##..........#
.....................##
......................#
.....................###
..............#..†.....#
..............#.@M.....#
.........#.#....†S......
.......#.#.#............
......#..#.####.##......
.....##.##.. #..##.....
<##..#...... #..# .....
.#...##<..... ...# ....
.... ....... ...# ....
###. .### .##


You could see Menkaure (fast) and an adder.

Vanquished Creatures
  A hound (D:4)
  An adder (D:4)
  2 orcs (D:4)
  3 endoplasms
  A giant cockroach (D:1)
  3 goblins (D:1)
  A hobgoblin (D:2)
  2 quokkas (D:1)
  A bat (D:1)
  2 frilled lizards
  4 kobolds
  3 rats
24 creatures vanquished.

Notes
Turn   | Place    | Note
-------+----------+-------------------------------------------
     0 | D:1      | purpskrrrp the Octopode Transmuter began the quest for the
                  | Orb.
     0 | D:1      | Reached XP level 1. HP: 13/13 MP: 3/3
     9 | D:1      | Found a faded altar of an unknown god.
   501 | D:1      | Reached XP level 2. HP: 15/18 MP: 5/5
  1036 | D:2      | Reached skill level 1 in Stealth
  1244 | D:2      | You fall into a shaft and drop 2 floors!
  1288 | D:4      | Reached XP level 3. HP: 10/23 MP: 6/6
  1491 | D:4      | Noticed Menkaure
  1498 | D:4      | Reached skill level 4 in Unarmed Combat
  1501 | D:4      | Reached XP level 4. HP: 7/28 MP: 5/7
  1504 | D:4      | Demolished by Menkaure

Illustrated notes

Levels and vault maps discovered:
D:1:      amcnicky_arrival_single_pillar, layout_basic, basic_ecumenical_altar,
          grunt_decor_resistance
D:2:      layout_basic, minmay_misc_feat_four_crosses,
          hangedman_abyss_or_decor_lesser_grid
D:4:      layout_cave_pools, minmay_temple_entry_tees, uniq_menkaure,
          uniq_eustachio

Skill      XL: |  1  2  3 |
---------------+----------+-----
Stealth        | 1 2 |  2.2
Unarmed Combat | 4 |  4.0
Fighting       | |  1.0
Dodging        | |  2.2
Spellcasting   | |  2.2
Transmutations | |  2.0

Action                   |  1- 3 |  4- 6 || total
-------------------------+-------+-------++-------
Melee: Unarmed           |    56 |     4 ||    60
       Constrict         |    11 |     1 ||    12
       Tentacles         |    12 |     1 ||    13
       Kick              |     2 |     4 ||     6
       Punch             |     1 |       ||     1
 Cast: Beastly Appendage |     2 |       ||     2
  Use: Scroll            |     1 |       ||     1
 Stab: Sleeping          |     7 |       ||     7
Armor: Skin              |     4 |     1 ||     5
Dodge: Dodged            |    31 |     5 ||    36

Table legend: (Time is in decaauts)
 A = Elapsed time spent in this place.
 B = Non-inter-level travel time spent in this place.
 C = Inter-level travel time spent in this place.
 D = Time resting spent in this place.
 E = Time spent auto-exploring this place.
 F = Levels seen in this place.
 G = Mean time per level.
                   A        B        C        D        E       F      G
               +--------+--------+--------+--------+--------+-----+--------+
         Total |   1498 |   1497 |      1 |    400 |    895 |   3 |  499.3 |
       Dungeon |   1498 |   1497 |      1 |    400 |    895 |   3 |  499.3 |
               +--------+--------+--------+--------+--------+-----+--------+

Top non-repeatable levels by time:
     D:1: 929 daAuts
     D:2: 311 daAuts
     D:4: 258 daAuts
